 Dungeon Crawl Stone Soup version 0.31-a0-185-g9dded2c639 (webtiles) character file.

Game seed: 4827146988806638647

726 qw the Skirmisher (level 7, 0/40 HPs)
             Began as a Deep Elf Hunter on June 22, 2023.
             Slain by a gnoll
             ... wielding a +0 flail
             ... led by a gnoll bouda
              (5 damage)
             ... on level 4 of the Dungeon.
             The game lasted 00:01:25 (3661 turns).

qw the Skirmisher (Deep Elf Hunter)                 Turns: 3661, Time: 00:01:26

Health: 0/40       AC:  6    Str:  5 (8)  XL:     7   Next: 44%
Magic:  9/9        EV: 10    Int: 13 (14) God:
Gold:   197        SH:  0    Dex: 17 (18) Spells: 6/6 levels left

rFire   . . .        a - +4 orcbow
rCold   . . .        (shield currently unavailable)
rNeg    . . .        b - +0 ring mail
rPois   .            (helmet restricted)
rElec   .            (no cloak)
rCorr   .            j - +0 pair of gloves
SInv    .            (no boots)
Will    .....        (no amulet)
Stlth   +            (no ring)
HPRegen 0.26/turn    (no ring)
MPRegen 0.11/turn

%: no passive effects
@: weakened
A: horns 1, weak 1, MP-powered wands
a: no special abilities


You were on level 4 of the Dungeon.
You visited 1 branch of the dungeon, and saw 5 of its levels.

You collected 197 gold pieces.


Innate Abilities, Weirdness & Mutations

You have a pair of small horns on your head.
You are weak. (Str -2)
You expend magic power (3 MP) to strengthen your wands.


   Skills:
 - Level 2.0 Fighting
 + Level 11.1 Ranged Weapons
 - Level 1.0 Armour
 - Level 4.0 Dodging
 - Level 1.2 Stealth


You had 6 spell levels left.
You didn't know any spells.
Your spell library was empty.

Inventory:

Hand Weapons
 a - a +4 orcbow (weapon)
Armour
 b - a +0 ring mail (worn)
 j - a +0 pair of gloves (worn)
Scrolls
 h - a scroll of identify
Potions
 c - a potion of brilliance {unknown}
 d - a potion of curing
 e - a potion of might {unknown}
 f - a potion of mutation
 k - a potion of heal wounds {unknown}

Dungeon Overview and Level Annotations

Branches:
Dungeon (5/15)
 Temple: D:4-7

Altars:
Elyvilon
The Shining One


Message History

The gnoll hits you from afar with a +0 halberd!
3584 ||| STAIRDANCE The gnoll barely misses you.
The gnoll hits you from afar with a +0 halberd.
You climb upwards.
There is a stone staircase leading down here.
You shoot an arrow. The arrow closely misses the gnoll.
The gnoll hits you with a +0 club.
You shoot an arrow. The arrow barely misses the gnoll.
The gnoll closely misses you.
You shoot an arrow. The arrow closely misses the gnoll.
The gnoll hits you but does no damage. x2
You shoot an arrow. The arrow hits the gnoll.
The gnoll is moderately wounded.
The gnoll closely misses you.
You shoot an arrow. The arrow hits the gnoll!
You kill the gnoll!
You start resting.
HP restored.
Done exploring.
(D) Dungeon
Where to? (* - list waypoints, Enter - D:5, ? - help)
What level of the Dungeon? (default 1, ? - help)
You climb downwards.
The gnoll barely misses you. The gnoll hits you with a +0 flail.
The gnoll bouda gazes fiercely through you!
You feel your attacks grow feeble. The gnoll hits you with a +0 flail!
The gnoll hits you with a +0 flail.
There is a stone staircase leading up here.
3658 ||| STAIRDANCE The gnoll hits you with a +0 flail.
The gnoll hits you with a +0 flail!
You climb upwards.
There is a stone staircase leading down here.
You shoot an arrow. The arrow hits the gnoll.
The gnoll is moderately wounded.
The gnoll hits you with a +0 flail. x2
You shoot an arrow. The arrow hits the gnoll!
You kill the gnoll!
The gnoll hits you with a +0 flail.
You die...

#......#...#................
#......#...+................
#......#...#................
######......###.#................
#.........#####.############%####
#......!..'...#.......<..........
#.........#...#..................
#.........##.###.)#########..###.
############.###@)####.#########'
#...#.........'.g#...........#..
#...#.........#..#...........#..
#...####'##..###)##..######+###.
#...##...##..######..###....###.
#....#................'.........
#....'................#.........
#...##'##########..######'######
######.......#.###.%####...#.....


You could see a gnoll.

Vanquished Creatures
  A black bear (D:3)
  3 scorpions
  A howler monkey (D:4)
  2 orc priests (D:3)
  Natasha (thrice) (D:2)
  2 iguanas (D:4)
  3 orc wizards
  3 gnolls
  5 adders
  3 worms
  A dart slug (D:2)
  14 orcs
  8 ball pythons
  8 endoplasms
  7 giant cockroaches
  9 goblins
  8 hobgoblins
  2 jackals (D:1)
  6 kobolds
  3 quokkas
  2 bats
  A frilled lizard (D:1)
  8 rats
103 creatures vanquished.

Notes
Turn   | Place    | Note
-------+----------+-------------------------------------------
     0 | D:1      | qw the Deep Elf Hunter began the quest for the Orb.
     0 | D:1      | Reached XP level 1. HP: 12/12 MP: 3/3
     0 | D:1      | 0 ||| qw: Version: 0.3-a-9-g12657ce
     0 | D:1      | 0 ||| qw: Game counter: 1822
     0 | D:1      | 0 ||| qw: Always use a shield: true
     0 | D:1      | 0 ||| qw: God list: Okawaru
     0 | D:1      | 0 ||| qw: Allow faded altars: false
     0 | D:1      | 0 ||| qw: Do Orc after D:15 true
     0 | D:1      | 0 ||| qw: Do second Lair branch before Depths: true
     0 | D:1      | 0 ||| qw: Lair rune preference: random
     0 | D:1      | 0 ||| qw: Plans: Normal
     0 | D:1      | 0 ||| PLANNING D:1-11
   297 | D:1      | Reached XP level 2. HP: 16/16 MP: 4/4
   313 | D:1      | Reached skill level 6 in Ranged Weapons
   454 | D:1      | HP: 4/16 [jackal (1)]
   458 | D:1      | 458 ||| FLEEEEING.
   460 | D:1      | 460 ||| FLEEEEING.
   461 | D:1      | 461 ||| FLEEEEING.
   462 | D:1      | 462 ||| FLEEEEING.
   465 | D:1      | 465 ||| FLEEEEING.
   466 | D:1      | 466 ||| FLEEEEING.
   467 | D:1      | 467 ||| FLEEEEING.
   468 | D:1      | 468 ||| FLEEEEING.
   469 | D:1      | 469 ||| FLEEEEING.
   470 | D:1      | 470 ||| FLEEEEING.
   471 | D:1      | 471 ||| FLEEEEING.
   472 | D:1      | 472 ||| FLEEEEING.
   473 | D:1      | 473 ||| FLEEEEING.
   475 | D:1      | 475 ||| FLEEEEING.
   476 | D:1      | 476 ||| FLEEEEING.
   481 | D:1      | 481 ||| FLEEEEING.
   482 | D:1      | 482 ||| FLEEEEING.
   485 | D:1      | 485 ||| FLEEEEING.
   486 | D:1      | 486 ||| FLEEEEING.
   487 | D:1      | 487 ||| FLEEEEING.
   488 | D:1      | 488 ||| FLEEEEING.
   489 | D:1      | 489 ||| FLEEEEING.
   490 | D:1      | 490 ||| FLEEEEING.
   491 | D:1      | 491 ||| FLEEEEING.
   492 | D:1      | 492 ||| FLEEEEING.
   493 | D:1      | 493 ||| FLEEEEING.
   494 | D:1      | 494 ||| FLEEEEING.
   495 | D:1      | 495 ||| FLEEEEING.
   496 | D:1      | 496 ||| FLEEEEING.
   499 | D:1      | 499 ||| FLEEEEING.
   500 | D:1      | 500 ||| FLEEEEING.
   644 | D:1      | Reached XP level 3. HP: 20/20 MP: 5/5
   709 | D:1      | Found a faded altar of an unknown god.
   968 | D:1      | 968 ||| DROPPING scarf of shadows.
   969 | D:1      | 969 ||| DROPPING ring of wizardry.
   970 | D:1      | 970 ||| READING 3 scrolls labelled OCIODGH CUGI.
   971 | D:1      | 971 ||| READING scroll labelled YTUROXZ EPTUOQECW.
  1007 | D:1      | 1007 ||| READING scroll labelled EVUEBR KE DYOCEQ.
  1008 | D:1      | 1008 ||| READING 2 scrolls labelled LOAHYA CENIETO.
  1009 | D:1      | 1009 ||| READING scroll labelled VEIQEG UNGUORO.
  1010 | D:1      | 1010 ||| READING 2 scrolls labelled WUCUTIG HYUB.
  1011 | D:1      | 1011 ||| DRINKING 2 bubbling coppery potions.
  1011 | D:1      | Gained mutation: You expend magic power (3 MP) to
                  | strengthen your wands. [potion of mutation]
  1011 | D:1      | Gained mutation: You are weak. (Str -2) [potion of
                  | mutation]
  1011 | D:1      | Gained mutation: You have a pair of small horns on your
                  | head. [potion of mutation]
  1012 | D:1      | 1012 ||| DROPPING 2 scrolls of immolation.
  1013 | D:1      | 1013 ||| DROPPING scroll of butterflies.
  1014 | D:1      | 1014 ||| DROPPING scroll of revelation.
  1161 | D:2      | Reached skill level 7 in Ranged Weapons
  1230 | D:2      | Noticed Natasha
  1234 | D:2      | Killed Natasha
  1235 | D:2      | Reached XP level 4. HP: 25/25 MP: 6/6
  1303 | D:2      | Noticed Natasha
  1310 | D:2      | Killed Natasha
  1311 | D:2      | Reached skill level 8 in Ranged Weapons
  1501 | D:2      | Noticed Natasha
  1511 | D:2      | Killed Natasha
  1512 | D:2      | Reached XP level 5. HP: 10/29 MP: 7/7
  1568 | D:2      | 1568 ||| FLEEEEING.
  1640 | D:2      | You fall into a shaft and drop 1 floor!
  1699 | D:3      | Found a white marble altar of Elyvilon.
  1743 | D:3      | HP: 7/29 [poisoned by an orc]
  1916 | D:3      | Reached skill level 9 in Ranged Weapons
  1940 | D:3      | Noticed a black bear
  1946 | D:3      | Killed a black bear
  1947 | D:3      | Reached XP level 6. HP: 34/34 MP: 8/8
  2005 | D:3      | 2005 ||| UPGRADING to +0 scale mail.
  2015 | D:3      | 2015 ||| DROPPING +0 leather armour.
  2016 | D:3      | 2016 ||| UPGRADING to +0 pair of gloves.
  2021 | D:3      | 2021 ||| READING scroll labelled YMNOAN OMIWKAN.
  2021 | D:3      | Identified a scroll of acquirement
  2021 | D:3      | 2021 ||| ACQUIRING +4 orcbow
  2021 | D:3      | Acquired a +4 orcbow
  2022 | D:3      | 2022 ||| READING scroll labelled WAIRUM RINTAL.
  2023 | D:3      | 2023 ||| READING scroll labelled KUSTRE BIJET.
  2024 | D:3      | 2024 ||| DRINKING 2 green potions.
  2025 | D:3      | 2025 ||| READING 2 scrolls of identify.
  2025 | D:3      | 2025 ||| IDENTIFYING metallic dark potion
  2026 | D:3      | 2026 ||| DROPPING potion of ambrosia.
  2028 | D:3      | 2028 ||| Stepping ~*~*~tactically~*~*~ (cloud).
  2030 | D:3      | 2030 ||| SWAPPING to +4 orcbow.
  2126 | D:3      | 2126 ||| DROPPING +0 shortbow.
  2131 | D:3      | 2131 ||| FLEEEEING.
  2132 | D:3      | 2132 ||| STAIRDANCE
  2403 | D:3      | Reached skill level 1 in Armour
  2711 | D:3      | Found a glowing golden altar of the Shining One.
  2802 | D:3      | 2802 ||| UPGRADING to +0 ring mail.
  2812 | D:3      | 2812 ||| DROPPING +0 scale mail.
  3079 | D:4      | Reached skill level 10 in Ranged Weapons
  3100 | D:4      | Reached XP level 7. HP: 40/40 MP: 9/9
  3332 | D:4      | 3332 ||| DRINKING 2 potions of curing.
  3332 | D:4      | 3332 ||| (to cure confusion)
  3565 | D:4      | 3565 ||| DRINKING 2 fizzy grey potions.
  3566 | D:4      | 3566 ||| DROPPING potion of degeneration.
  3579 | D:5      | Entered Level 5 of the Dungeon
  3582 | D:5      | Reached skill level 11 in Ranged Weapons
  3584 | D:5      | 3584 ||| STAIRDANCE
  3658 | D:5      | 3658 ||| STAIRDANCE
  3660 | D:4      | HP: 7/40 [gnoll/+0 flail[a gnoll bouda] (5)]
  3661 | D:4      | Slain by a gnoll

Levels and vault maps discovered:
D:1:      nagdon_arrival_zigzag_paths, layout_basic,
          hellmonk_ecumenical_altar_defaced_shrine, nicolae_hexahallways
D:2:      layout_basic, uniq_natasha
D:3:      layout_loops_cross, mainiacjoe_overflow_tiny_flanked, elyvilon_altar_3
D:4:      layout_gridville, grunt_decor_cap
D:5:      layout_basic, kennysheep_mini_moat

Skill      XL: |  1  2  3  4  5  6  7 |
---------------+----------------------+-----
Ranged Weapons | 6 7 8 9 10 11 | 11.1
Dodging        | 4 |  4.0
Armour         | 1 |  1.0
Fighting       | 2 |  2.0
Stealth        | |  1.2

Action                     |  1- 3 |  4- 6 |  7- 9 || total
---------------------------+-------+-------+-------++-------
   Fire: Shortbow          |    97 |    86 |       ||   183
         Orcbow            |       |    53 |    35 ||    88
    Use: Scroll            |     6 |     4 |       ||    10
         Potion            |     1 |     1 |     2 ||     4
 Armour: Leather armour    |     7 |     3 |       ||    10
         Scale mail        |       |     4 |       ||     4
         Ring mail         |       |       |     5 ||     5
  Dodge: Dodged            |    17 |    15 |     6 ||    38

Table legend:
 A = Non-vault XP
 B = Vault XP
 C = Vault XP percentage of total XP
 D = Non-vault monster count
 E = Vault monster count
 F = Vault count percentage of total count
                 A         B        C        D         E       F
            +---------+---------+-------+---------+---------+-------
      Total |    1017 |      36 |   3.4 |     101 |       2 |   1.9
            +---------+---------+-------+---------+---------+-------
        D:1 |      48 |       1 |   2.0 |      28 |       1 |   3.4
        D:2 |     129 |      35 |  21.3 |      22 |       1 |   4.3
        D:3 |     281 |       0 |   0.0 |      22 |       0 |   0.0
        D:4 |     464 |       0 |   0.0 |      27 |       0 |   0.0
        D:5 |      95 |       0 |   0.0 |       2 |       0 |   0.0
            +---------+---------+-------+---------+---------+-------
